 Dungeon Crawl Stone Soup version 0.31-a0-1204-ge2c1a86 (webtiles) character file.

Game seed: 5763336083094675201

243376 EngineV8 the Convoker (level 19, -12/132 HPs)
             Began as an Octopode Summoner on Dec 12, 2023.
             Was the Champion of Kikubaaqudgha.
             Killed from afar by a war gargoyle (51 damage)
             ... with a spray of metal splinters
             ... led by a peacekeeper
             ... on level 1 of the Vaults.
             The game lasted 03:47:59 (44534 turns).

EngineV8 the Convoker (Octopode Summoner)          Turns: 44534, Time: 03:47:59

Health: -12/132    AC:  8    Str: 11    XL:     19   Next: 41%
Magic:  10/47      EV: 38    Int: 29    God:    Kikubaaqudgha [******]
Gold:   954        SH: 12    Dex: 15    Spells: 3/48 levels left

rFire   + + .        a - +6 dagger "Killer Bee's Death" {flame, rF+ Dex+3}
rCold   + . .        W - +0 kite shield
rNeg    + . .        Q - +3 hat "Duwnuocwi" {Will+ Int+3 Dex-5}
rPois   +            y - amulet of the acrobat
rElec   .            r - ring "Kuutror" {rF+ rN+ MP+9 Dex+3 SInv}
rCorr   .            g - ring of poison resistance
SInv    +            E - ring of willpower
Will    +++..        O - +4 ring of protection
Stlth   ++++++       P - ring of protection from cold
HPRegen 0.42/turn    R - ring of wizardry
MPRegen 0.30/turn    T - +5 ring of evasion
                     b - +6 ring of intelligence

%: acrobat, wizardry (x1)
@: death channelling, acrobatic, studying Shields
A: almost no armour, amphibious, 8 rings, camouflage 1, gelatinous body 1,
(nimble swimmer 1), tentacles
}: 2/15 runes: barnacled, gossamer
a: Renounce Religion, Unearth Wretches, Torment, Brand Weapon With Pain, Receive
Forbidden Knowledge


You were on level 1 of the Vaults.
You worshipped Kikubaaqudgha.
Kikubaaqudgha was exalted by your worship.
You visited 7 branches of the dungeon, and saw 32 of its levels.
You also visited: Bailey, Gauntlet and Volcano.

You collected 2861 gold pieces.
You spent 1907 gold pieces at shops.

Inventory:

Hand Weapons
 a - the +6 dagger "Killer Bee's Death" (weapon) {flame, rF+ Dex+3}
   (You found it on level 4 of the Dungeon)

   Dex+3:     It affects your dexterity (+3).
   rF+:       It protects you from fire.
Missiles
 Z - 6 throwing nets {!f}
Armour
 Q - the +3 hat "Duwnuocwi" (worn) {Will+ Int+3 Dex-5}
   (You found it in a Gauntlet)

   Int+3:     It affects your intelligence (+3).
   Dex-5:     It affects your dexterity (-5).
   Will+:     It increases your willpower.
 W - a +0 kite shield (worn)
Jewellery
 b - a +6 ring of intelligence (on tentacle)
 g - a ring of poison resistance (right tentacle)
 r - the ring "Kuutror" (left tentacle) {rF+ rN+ MP+9 Dex+3 SInv}
   (You acquired it on level 3 of the Dungeon)

   [ring of magical power]

   Dex+3:     It affects your dexterity (+3).
   rF+:       It protects you from fire.
   rN+:       It protects you from negative energy.
   MP+9:      It affects your magic capacity (+9).
   SInv:      It lets you see invisible.
 y - an amulet of the acrobat (around mantle)
 E - a ring of willpower (on tentacle)
 O - a +4 ring of protection (on tentacle)
 P - a ring of protection from cold (on tentacle)
 R - a ring of wizardry (on tentacle)
 S - a ring of resist corrosion
 T - a +5 ring of evasion (on tentacle)
Talismans
 m - a flux talisman
 D - a blade talisman
Wands
 h - a wand of polymorph (30)
 t - a wand of flame (44)
 A - a wand of digging (24)
 F - a wand of paralysis (17)
 H - a wand of quicksilver (32)
 M - a wand of iceblast (18)
Scrolls
 c - a scroll of immolation
 e - 4 scrolls of fog
 i - 19 scrolls of teleportation
 k - 4 scrolls of revelation {!r}
 l - 3 scrolls of fear
 n - 4 scrolls of butterflies
 o - 6 scrolls of poison
 p - a scroll of silence {!r}
 C - 13 scrolls of identify
 I - 2 scrolls of enchant armour
 J - 5 scrolls of blinking
 K - 3 scrolls of vulnerability
Potions
 d - 5 potions of ambrosia {!q}
 f - 6 potions of magic
 j - 6 potions of curing
 q - 3 potions of brilliance
 s - 7 potions of haste
 u - 2 potions of enlightenment
 v - 4 potions of attraction
 w - 9 potions of might
 x - 2 potions of heal wounds
 z - 2 potions of lignification
 B - 3 potions of mutation
 N - a potion of invisibility
 V - 3 potions of berserk rage {!q}
 X - 4 potions of cancellation {!q}
Miscellaneous
 G - a phantom mirror (inert)
 L - a lightning rod (2/4)
 U - a tin of tremorstones (2/2)
 Y - a sack of spiders


   Skills:
 + Level 12.3 Fighting
 - Level 12.0 Dodging
 - Level 12.0 Stealth
 - Level 12.0 Shields
 - Level 15.0 Spellcasting
 - Level 5.0 Hexes
 - Level 15.0 Summonings
 - Level 15.0 Necromancy
 - Level 5.0 Translocations
 - Level 5.0 Ice Magic
 - Level 5.0 Air Magic
 - Level 5.0 Earth Magic
 - Level 5.0 Evocations


You had 3 spell levels left.
You knew the following spells:

 Your Spells              Type           Power      Damage    Failure   Level
a - Summon Forest         Summ/Tloc      34%        N/A       1%          5
b - Borgnjor's Vile Clut  Necr/Erth      34%        N/A       1%          5
c - Death Channel         Necr           41%        N/A       1%          6
f - Summon Cactus Giant   Summ           41%        N/A       1%          6
g - Summon Mana Viper     Hex/Summ       68%        N/A       1%          5
q - Summon Hydra          Summ           41%        N/A       4%          7
s - Swiftness             Air            50%        N/A       1%          3
z - Sublimation of Blood  Necr           83%        N/A       0%          2
I - Summon Ice Beast      Ice/Summ       68%        N/A       1%          4
X - Passwall              Tmut/Erth      30%        N/A       1%          2

Your spell library contained the following spells:

 Spells                   Type           Power      Damage    Failure   Level
 Necrotise                Necr           100%       1d9       0%          1
 Summon Small Mammal      Summ           100%       N/A       0%          1
 Call Imp                 Summ           100%       N/A       0%          2
 Kiss of Death            Conj/Necr      100%       2d13      1%          1
 Sandblast                Erth           100%       2d20      1%          1
 Shock                    Conj/Air       100%       1d9       1%          1
 Cigotuvi's Dreadful Rot  Necr/Pois/Air  100%       N/A       1%          2
 Ensorcelled Hibernation  Hex/Ice        100%       N/A       1%          2
 Call Canine Familiar     Summ           83%        N/A       1%          3
 Gell's Gravitas          Tloc           50%        N/A       1%          3
 Summon Guardian Golem    Hex/Summ       68%        N/A       1%          3
 Teleport Other           Tloc           50%        N/A       1%          3
 Vampiric Draining        Necr           83%        2d11      1%          3
 Foxfire                  Conj/Fire      84%        2x1d8     2%          1
 Sting                    Tmut/Pois      84%        1d7       2%          1
 Dazzling Flash           Conj/Hex       72%        N/A       2%          3
 Hailstorm                Conj/Ice       36%        3d9       2%          3
 Inner Flame              Hex/Fire       36%        N/A       2%          3
 Stone Arrow              Conj/Erth      72%        3d11      2%          3
 Wereblood                Tmut           21%        N/A       3%          2
 Ignite Poison            Fire/Tmut/Pois 21%        N/A       6%          3
 Anguish                  Hex/Necr       34%        N/A       1%          4
 Animate Dead             Necr           83%        N/A       1%          4
 Dispel Undead            Necr           83%        3d27      1%          4
 Summon Lightning Spire   Summ/Air       68%        N/A       1%          4
 Agony                    Necr           83%        N/A       1%          5
 Airstrike                Air            25%        2d(4-20)  2%          4
 Passage of Golubria      Tloc           50%        N/A       2%          4
 Vhi's Electric Charge    Tloc/Air       100%       N/A       2%          4
 Haunt                    Necr/Summ      41%        N/A       4%          7
 Simulacrum               Ice/Necr       34%        N/A       6%          6
 Brom's Barrelling Bould  Conj/Erth      36%        2d6       8%          4
 Petrify                  Tmut/Erth      36%        N/A       8%          4
 Lee's Rapid Deconstruct  Erth           25%        3d14*     8%          5
 Silence                  Hex/Air        25%        N/A       8%          5
 Freezing Cloud           Conj/Ice/Air   20%        6-21      16%         5
 Yara's Violent Unravell  Hex/Tmut       18%        3d9       21%         5
 Malign Gateway           Summ/Tloc      34%        N/A       28%         7
 Infestation              Necr           41%        N/A       28%         8
 Summon Horrible Things   Summ           41%        N/A       28%         8
 Dispersal                Tloc           25%        N/A       38%         6
 Irradiate                Conj/Tmut      10%        3d15      50%         5
 Plasma Beam              Fire/Air       18%        2x1d29    71%         6
 Enfeeble                 Hex            25%        N/A       90%         7
 Ozocubu's Refrigeration  Ice            25%        4d13      90%         7
 Eringya's Noxious Bog    Tmut/Pois      10%        4d6       96%         6
 Starburst                Conj/Fire      10%        6d5       96%         6
 Lehudib's Crystal Spear  Conj/Erth      18%        10d5      100%        8
 Chain Lightning          Conj/Air       18%        3d24      100%        9
 Fire Storm               Conj/Fire      10%        8d3       100%        9
 Polar Vortex             Ice            25%        12d3*     100%        9
 Shatter                  Erth           25%        3d21*     100%        9
 Animate Armour           Summ/Erth      Unusable   N/A       N/A         4

Dungeon Overview and Level Annotations

Branches:
Dungeon (15/15) Zot: 23728  Temple (1/1) D:5 Zot: 5980    Lair (5/5) D:9 Zot: 22597
 Shoals (4/4) Lair:2 Zot: 17829  Spider (4/4) Lair:3 Zot: 16906   Slime (0/5) Lair:5
    Orc (2/2) D:12 Zot: 9484     Elf (0/3) Orc:2        Vaults (1/5) D:14 Zot: 4951
 Depths (0/4) D:15         Bailey (visited)         Volcano (visited)
Gauntlet (visited)

Altars:
Ashenzari
Cheibriados
Dithmenos
Elyvilon
Fedhas
Gozag
Hepliaklqana
Kikubaaqudgha
Makhleb
Nemelex Xobeh
Okawaru
Qazlal
Ru
Sif Muna
Trog
Uskayaw
Vehumet
Wu Jian
Xom
Yredelemnul
Zin
The Shining One

Shops:
D:2 !?   D:3 ?   D:5 :   D:12 (*(   D:13 (   D:15 !   Orc:2 [?=*   Shoals:1 !
Vaults:1 :


Innate Abilities, Weirdness & Mutations

You cannot wear most types of armour.
You are amphibious.
You can wear up to eight rings at the same time.
Your skin changes colour to match your surroundings (Stealth+).
Your rubbery body absorbs attacks. (AC +1, EV +1)
((You are camouflaged when in or above water. (Stealth+)))
You have tentacles for arms and can constrict up to eight enemies at once.


Message History

Your spectral yaktaur hits the deep troll!
Your spectral yaktaur drains the deep troll.
Unknown command.
The deep troll bites your spectral deep troll.
The deep troll claws your spectral deep troll!
The deep troll claws your spectral deep troll but does no damage.
Your spectral yaktaur hits the deep troll!
Your spectral deep troll barely misses the deep troll.
Your spectral deep troll claws the deep troll.
Your spectral deep troll claws the deep troll!
Unknown command.
The deep troll bites your spectral deep troll!!
The deep troll claws your spectral deep troll but does no damage. x2
Your spectral ironbound preserver hits the deep troll!
The deep troll dies!
Kikubaaqudgha accepts your kill.
A glowing mist starts to gather...
You swap places.
A deep troll comes into view.
Found a whip.
There is an open door here.
Unknown command.
Unknown command.
Unknown command.
You swap places.
Your spectral deep troll misses the deep troll.
Your spectral deep troll closely misses the deep troll.
Your spectral deep troll claws the deep troll but does no damage.
Unknown command.
You swap places.
The deep troll bites your spectral deep troll!!
Your spectral deep troll is destroyed!
There is an open door here.
You swap places.
The deep troll bites your spectral deep troll!!
The deep troll claws your spectral deep troll.
The deep troll claws your spectral deep troll but does no damage.
Your spectral deep troll bites the deep troll but does no damage.
Your spectral deep troll claws the deep troll! x2
Your spectral deep troll drains the deep troll.
The deep troll closely misses your spectral deep troll.
The deep troll claws your spectral deep troll!
The deep troll claws your spectral deep troll but does no damage.
Your spectral deep troll bites the deep troll!
Your spectral deep troll drains the deep troll.
Your spectral deep troll claws the deep troll!
The deep troll dies!
Kikubaaqudgha accepts your kill.
A glowing mist starts to gather...
A war gargoyle comes into view. It is wielding a +0 flail.
The war gargoyle moves out of view.
What are your orders? t - Shout!
Orders for allies: a - Attack new target. r - Retreat! s - Stop attacking. g - Guard the area. f - Follow me.
Anything else - Cancel.
Gang up on whom?
Press: ? - help, Dir - move target, f - war gargoyle
Aim: a war gargoyle, wielding a +0 flail (ally target) Attack!
The war gargoyle launches metal splinters at you.
The spray of metal splinters hits your spectral yaktaur.
The spray of metal splinters hits your spectral deep troll but does no damage.
The spray of metal splinters misses you.
Your spectral yaktaur hits the war gargoyle!
You hear a roar!
Unknown command.
Casting: Summon Cactus Giant (mildly dangerous; 1% risk of failure)
Confirm with . or Enter, or press ? or * to list all spells.
Aiming: Borgnjor's Vile Clutch (mildly dangerous; 1% risk of failure)
Press: ? - help, Shift-Dir - straight line, f/p - war gargoyle
Aim: a war gargoyle, wielding a +0 flail (moderately damaged, ally target, 100% to hit)
Your spectral yaktaur is unaffected.
Zombie hands grab the war gargoyle.
The zombie hands constrict the war gargoyle, but do no damage.
The war gargoyle launches metal splinters at you.
The spray of metal splinters hits your spectral yaktaur!!
The spray of metal splinters hits you!!!
* * * LOW HITPOINT WARNING * * *
Your spectral yaktaur hits the war gargoyle but does no damage.
Your spectral deep troll bites the war gargoyle but does no damage.
Your spectral deep troll claws the war gargoyle but does no damage. x2
You take 39 damage, and have 38/132 hp.
MASSIVE DAMAGE!!
You now have 10/47 mp.
The zombie hands constrict the war gargoyle, but do no damage.
A peacekeeper comes into view.
The war gargoyle completely misses your spectral yaktaur.
The war gargoyle hits your spectral yaktaur with a +0 flail!!
Your spectral yaktaur is destroyed!
Your spectral deep troll bites the war gargoyle but does no damage.
Your spectral deep troll claws the war gargoyle but does no damage. x2
Your spectral deep troll completely misses the war gargoyle.
Your spectral deep troll claws the war gargoyle but does no damage. x2
Unknown command.
The zombie hands constrict the war gargoyle.
The war gargoyle launches metal splinters at you.
The spray of metal splinters hits your spectral ironbound preserver!!!
The spray of metal splinters hits you!!!
You die...
Kikubaaqudgha rasps: "You have failed me!
Welcome... death!"

..#........
.#........
.'....... #......
#99Z..########
####
#.ZZ..#......#
#...
#...Z.#......#
#...
#.....#......#
#...
#....@'......#
#...
#.....#..)...#
#...
#.....#......#
#...
#.....########
#... #.....# ####
#.....# ####
#.)...# ########
...+ #.....#
#..~~~.#
...#......##..†).#
#..~~~.#


You could see a war gargoyle (catching breath, clutched, ally target), a
peacekeeper, 3 friendly spectral deep trolls and a friendly spectral ironbound
preserver.

Vanquished Creatures
  2 emperor scorpions (Spider:3)
  A vault warden (Vaults:1)
  2 ghost moths
  An ironbound preserver (Vaults:1)
  2 broodmothers
  3 merfolk impalers
  4 merfolk javelineers (Shoals:4)
  A rakshasa (D:15)
  A great orb of eyes (Vaults:1)
  2 jorogumos
  A catoblepas (Lair:5)
  A merfolk avatar (Shoals:2)
  A satyr (Shoals:2)
  A boulder beetle (Spider:2)
  2 centaur warriors
  4 death yaks
  Urug (Lair:4)
  2 demonic crawlers
  An orc high priest (Orc:2)
  A skyshark (Shoals:2)
  A skeletal warrior (Volcano)
  3 sea snakes
  An arcanist (Vaults:1)
  A deep troll (Vaults:1)
  4 orb spiders
  3 ironbound convokers (Vaults:1)
  A harpy (Shoals:4)
  A deep elf pyromancer (D:15)
  A lindwurm (Lair:5)
  An orange crystal statue (D:14)
  3 orc knights
  3 orc sorcerers
  2 cyclopes
  4 wolf spiders
  2 fauns (Shoals:4)
  3 black mambas
  4 merfolk sirens
  2 elephants (Lair:5)
  2 vault sentinels (Vaults:1)
  5 cane toads
  A gargoyle (Volcano)
  4 water nymphs (Shoals:4)
  3 komodo dragons
  2 rime drakes
  A yaktaur (Vaults:1)
  4 merfolk
  5 nameless horrors
  8 blink frogs
  2 polar bears
  4 wind drakes
  5 tarantellas
  A raiju (shapeshifter) (D:14)
  4 slime creatures (D:12)
  5 jumping spiders
  A shadow (D:12)
  A wraith (D:11)
  A centaur simulacrum (D:15)
  2 air elementals (Shoals:4)
  7 water elementals
  9 yaks
  2 culicivoras
  3 wyverns
  9 redbacks
  3 vampire mosquitoes
  A steam dragon (Lair:2)
  A swamp worm (Lair:4)
  A warg (Orc:2)
  7 water moccasins
  2 sky beasts
  6 orc warriors
  4 wolves
  5 boggarts (Vaults:1)
  2 centaurs
  9 bullfrogs
  3 scorpions
  4 killer bees
  A troll skeleton (Volcano)
  A spriggan skeleton (Volcano)
  5 howler monkeys
  3 electric eels
  2 hounds (D:5)
  7 orc priests
  2 iguanas (D:6)
  3 orc wizards
  A hell rat (Lair:4)
  A naga skeleton (Volcano)
  5 adders
  A shadow imp (D:6)
  2 white imps
  A dart slug (D:2)
  41 orcs
  5 endoplasms
  3 giant cockroaches
  5 goblins
  7 hobgoblins
  2 jackals (D:1)
  A quokka (D:3)
  6 ball pythons
  9 bats
  4 frilled lizards
  4 kobolds
  7 rats
342 creatures vanquished.

Vanquished Creatures (collateral kills)
  Arachne (Spider:3)
  Mlioglotl (Spider:3)
  Donald (Shoals:3)
  A storm dragon (Shoals:4)
  Ilsuiw (Shoals:3)
  7 emperor scorpions
  The ghost of IAmTheZeppo the Severer, a journeyman MiFi of Gozag (Lair:5)
  A balrug (Gauntlet)
  A broodmother (Spider:3)
  3 ironbound preservers (Vaults:1)
  An ironbound thunderhulk (Vaults:1)
  5 dire elephants
  2 spark wasps
  4 entropy weavers
  3 merfolk javelineers
  6 merfolk impalers
  Fannar (Lair:3)
  4 centaur warriors
  2 hydras
  2 catoblepae
  2 radroaches
  4 boulder beetles
  A jorogumo (Spider:3)
  A death knight (D:15)
  3 satyrs
  A two-headed ogre (D:14)
  A merfolk aquamancer (Shoals:4)
  11 death yaks
  2 demonic crawlers
  3 orc high priests (Orc:2)
  A skyshark (Shoals:1)
  5 pharaoh ants
  4 skeletal warriors
  A sun moth (Spider:3)
  5 orb spiders
  8 deep trolls (Vaults:1)
  8 sea snakes
  An arcanist (D:15)
  2 lindwurms (Vaults:1)
  9 steelbarb worms
  4 harpies (Shoals:4)
  An ironbound convoker (Vaults:1)
  2 necromancers
  6 orc knights (Orc:2)
  A deep elf pyromancer (D:12)
  An oklob plant (Gauntlet)
  4 manticores
  12 ugly things
  An alligator skeleton (Volcano)
  4 orc sorcerers
  15 wolf spiders
  5 cyclopes
  7 fauns
  10 merfolk sirens
  4 moths of wrath
  11 elephants
  2 vault sentinels (Vaults:1)
  A black mamba (Lair:5)
  4 water nymphs
  4 kobold blastminers
  8 cane toads
  5 torpor snails
  2 gargoyles (Volcano)
  5 yaktaurs (Vaults:1)
  Jeremiah (D:8)
  A redback zombie (D:15)
  A komodo dragon (Lair:4)
  15 merfolk
  A queen bee (Gauntlet)
  2 trolls
  4 meliai
  11 tarantellas
  7 wind drakes
  A harpy skeleton (Volcano)
  A nameless horror (D:7)
  2 polar bears
  19 blink frogs
  Prince Ribbit (D:5)
  A tyrant leech (Lair:4)
  6 dream sheep (Lair:5)
  8 snapping turtles
  19 culicivoras
  14 jumping spiders
  3 air elementals (Shoals:4)
  3 flying skulls (Volcano)
  4 slime creatures
  13 water elementals
  A wraith (D:14)
  4 vampire mosquitoes
  29 redbacks
  2 basilisks
  2 wyverns
  11 yaks
  4 wargs
  2 swamp worms (Lair:4)
  An acid dragon (Gauntlet)
  8 water moccasins
  A hell hound (Gauntlet)
  23 orc warriors
  3 ogres
  5 wolves
  5 centaurs (D:14)
  A phantom (D:6)
  3 bullfrogs (Lair:4)
  2 scorpions
  2 wights (D:9)
  8 killer bees
  3 electric eels
  28 orc priests
  A hound (D:6)
  A sleepcap (D:6)
  8 orc wizards
  Ijyb (D:4)
  An iguana (D:6)
  4 hell rats (Lair:4)
  5 gnolls
  2 adders
  53 orcs
  3 endoplasms
  A hobgoblin (D:2)
  3 jackals
  3 quokkas
  2 bats (D:1)
  3 frilled lizards (D:1)
  2 goblins
  A rat (D:1)
  4 tentacles (Shoals:2)
624 creatures vanquished.

Vanquished Creatures (others)
  A kraken (Shoals:2)
  Gastronok (D:8)
  An emperor scorpion (Spider:3)
  A minotaur (Gauntlet)
  A dire elephant (Lair:5)
  An entropy weaver (Spider:2)
  A merfolk javelineer (Shoals:3)
  A merfolk impaler (Shoals:2)
  2 hydras (D:15)
  A boulder beetle (D:15)
  2 radroaches
  A two-headed ogre (D:8)
  An alligator snapping turtle (Shoals:3)
  An occultist (D:15)
  7 death yaks
  An orc high priest (Orc:2)
  2 pharaoh ants
  2 sea snakes
  A wolf spider (Spider:4)
  3 orc knights
  An orc sorcerer (Orc:2)
  7 ugly things
  2 manticores
  6 elephants
  3 fauns (Shoals:3)
  A kobold blastminer (Orc:1)
  A centaur zombie (D:15)
  A black mamba (Lair:2)
  A gargoyle (D:12)
  2 cane toads (Lair:5)
  2 komodo dragons
  A centaur skeleton (D:15)
  A rime drake (Lair:5)
  A merfolk (Shoals:2)
  A troll (Orc:2)
  3 blink frogs (Lair:2)
  A jumping spider (Spider:4)
  A snapping turtle (Shoals:3)
  A slime creature (D:12)
  4 yaks
  3 culicivoras
  A water elemental (D:15)
  A wraith (D:10)
  5 redbacks
  2 vampire mosquitoes (D:12)
  Duvessa (D:5)
  6 orc warriors
  A swamp drake (D:12)
  2 ice beasts
  A sky beast (D:6)
  3 ogres
  2 gnoll sergeants
  Dowan (D:5)
  2 killer bees (D:10)
  A jelly (D:6)
  An iguana (D:4)
  2 orc wizards
  3 gnolls (D:10)
  An orc (D:6)
  12 snaplasher vines
  4 tentacles (Shoals:2)
128 creatures vanquished.

Grand Total: 1094 creatures vanquished

Notes
Turn   | Place    | Note
-------+----------+-------------------------------------------
     0 | D:1      | EngineV8 the Octopode Summoner began the quest for the Orb.
     0 | D:1      | Reached XP level 1. HP: 11/11 MP: 3/3
   216 | D:1      | Reached skill level 1 in Fighting
   330 | D:1      | Reached XP level 2. HP: 18/18 MP: 1/5
   393 | D:1      | Learned a level 2 spell: Call Imp
   567 | D:1      | Found a faded altar of an unknown god.
   728 | D:1      | Reached XP level 3. HP: 23/23 MP: 6/6
  1272 | D:2      | Learned a level 3 spell: Call Canine Familiar
  1311 | D:2      | Found Buff's Distillery.
  1321 | D:2      | Found Ewywuidy's Magic Scroll Boutique.
  1331 | D:2      | Bought a potion of curing for 30 gold pieces
  1338 | D:2      | Bought a scroll of teleportation for 33 gold pieces
  1604 | D:2      | Reached XP level 4. HP: 26/28 MP: 8/8
  1762 | D:2      | Bought a scroll of fear for 44 gold pieces
  2075 | D:3      | Identified the +8 short sword of Zitt {antimagic, rC+ rN+
                  | Int+4 Dex-5}
  2213 | D:3      | Reached skill level 5 in Summonings
  2289 | D:3      | Reached XP level 5. HP: 29/33 MP: 5/10
  2475 | D:3      | Learned a level 3 spell: Summon Guardian Golem
  2749 | D:3      | Found Feihivve's Magic Scroll Boutique.
  2875 | D:3      | Reached skill level 1 in Evocations
  3012 | D:3      | Identified a scroll of acquirement
  3013 | D:3      | Acquired the ring "Kuutror" {rF+ rN+ MP+9 Dex+3 SInv}
  3315 | D:4      | Reached XP level 6. HP: 21/38 MP: 11/11
  3318 | D:4      | Reached skill level 1 in Hexes
  3532 | D:4      | Noticed an ice beast
  3563 | D:4      | Killed an ice beast
  3564 | D:4      | Reached XP level 7. HP: 43/43 MP: 13/13
  3569 | D:4      | Noticed Ijyb
  3587 | D:4      | Killed Ijyb
  3896 | D:4      | Identified the +6 dagger "Killer Bee's Death" {flame, rF+
                  | Dex+3}
  4269 | D:5      | Entered Level 5 of the Dungeon
  4497 | D:5      | Found a sacrificial altar of Ru.
  4532 | D:5      | Reached skill level 5 in Spellcasting
  4772 | D:5      | Found an iron altar of Okawaru.
  4789 | D:5      | Noticed Duvessa
  4789 | D:5      | Noticed Dowan
  4814 | D:5      | Killed Dowan
  4815 | D:5      | Reached XP level 8. HP: 51/51 MP: 15/15
  4815 | D:5      | Killed Duvessa
  4875 | D:5      | Found a stormy altar of Qazlal.
  4991 | D:5      | Found a staircase to the Ecumenical Temple.
  5056 | D:5      | Found Risuutut's Self-Improvement Boutique.
  5105 | Temple   | Entered the Ecumenical Temple
  5115 | Temple   | Became a worshipper of Kikubaaqudgha
  5335 | D:5      | Reached skill level 5 in Stealth
  5432 | D:5      | Noticed Prince Ribbit
  5481 | D:5      | Killed Prince Ribbit
  5674 | D:6      | Reached skill level 5 in Fighting
  5894 | D:6      | Reached XP level 9. HP: 61/61 MP: 15/17
  6318 | D:7      | Learned a level 4 spell: Summon Lightning Spire
  6336 | D:7      | Noticed a nameless horror
  6345 | D:7      | Killed a nameless horror
  6359 | D:7      | Found a flagged portal.
  6369 | D:7      | Reached skill level 1 in Air Magic
  6419 | D:7      | Identified the +11 halberd "Avvecif" {pain, rElec MP-9
                  | Str+5 Dex+2}
  6466 | Bailey   | Entered a bailey
  6499 | Bailey   | Reached * piety under Kikubaaqudgha
  6499 | Bailey   | Received a gift from Kikubaaqudgha
  6741 | Bailey   | Noticed an orc knight
  6780 | Bailey   | Killed an orc knight
  7041 | D:7      | HP: 2/61 [gnoll sergeant/+3 spear of freezing (5)]
  7353 | D:7      | Found a shimmering blue altar of Sif Muna.
  7440 | D:7      | Reached ** piety under Kikubaaqudgha
  7441 | D:7      | Reached XP level 10. HP: 41/66 MP: 19/19
  7602 | D:7      | Found a bloodstained altar of Trog.
  7908 | D:8      | Noticed Gastronok
  7932 | D:8      | Noticed Jeremiah
  8005 | D:8      | Killed Jeremiah
  8006 | D:8      | Reached skill level 10 in Summonings
  8006 | D:8      | Reached skill level 5 in Air Magic
  8257 | D:8      | Found a glowing golden altar of the Shining One.
  8263 | D:8      | Found a basalt altar of Yredelemnul.
  8265 | D:8      | Noticed a profane servitor
  8403 | D:8      | Found a glowing silver altar of Zin.
  8403 | D:8      | Found a burning altar of Makhleb.
  8404 | D:8      | Noticed a balrug
  8404 | D:8      | Noticed an angel
  8527 | D:8      | Noticed a two-headed ogre
  8564 | D:8      | Killed a two-headed ogre
  8570 | D:8      | Learned a level 4 spell: Summon Ice Beast
  8673 | D:8      | Killed Gastronok
  9036 | D:9      | Reached XP level 11. HP: 60/75 MP: 20/20
  9481 | D:9      | Identified the +8 dagger "Beastbane" {heavy, Str+4}
  9490 | D:9      | Reached skill level 5 in Ice Magic
  9986 | D:9      | Found a staircase to the Lair.
 10009 | D:10     | Entered Level 10 of the Dungeon
 10350 | D:10     | Reached skill level 10 in Stealth
 10366 | D:10     | Reached *** piety under Kikubaaqudgha
 10366 | D:10     | Received a gift from Kikubaaqudgha
 11094 | D:11     | Learned a level 2 spell: Passwall
 11217 | D:11     | Noticed a manticore
 11308 | D:11     | Killed a manticore
 11486 | D:11     | Noticed a boulder beetle
 11511 | D:11     | Killed a boulder beetle
 11512 | D:11     | Reached skill level 5 in Dodging
 11817 | D:12     | Noticed an orc knight
 11827 | D:12     | Found Jygiapol's Assorted Antiques.
 11862 | D:12     | Reached skill level 5 in Evocations
 12050 | D:12     | Noticed an orc sorcerer
 12082 | D:12     | Killed an orc sorcerer
 12083 | D:12     | Killed an orc knight
 12084 | D:12     | Reached XP level 12. HP: 85/85 MP: 17/21
 12385 | D:12     | Found a staircase to the Orcish Mines.
 12489 | D:12     | Found Feurphiv's Weapon Emporium.
 12563 | D:12     | Reached skill level 10 in Fighting
 12570 | D:12     | Learned a level 3 spell: Swiftness
 12637 | D:12     | Found Pahoh's Weapon Emporium.
 12863 | D:12     | Reached **** piety under Kikubaaqudgha
 13389 | D:13     | Noticed a centaur warrior
 13402 | D:13     | Killed a centaur warrior
 13689 | D:13     | Found Haveri's Antique Weapon Shop.
 14235 | D:13     | Found a shimmering altar of Xom.
 14235 | D:13     | Found a shimmering altar of Xom.
 14236 | D:13     | Found a shimmering altar of Xom.
 14236 | D:13     | Found a shimmering altar of Xom.
 14237 | D:13     | Found a shimmering altar of Xom.
 14562 | D:14     | Noticed a six-headed hydra
 14600 | D:14     | Killed a six-headed hydra
 14722 | D:14     | Noticed a centaur warrior
 14722 | D:14     | Noticed a centaur warrior
 14734 | D:14     | Killed a centaur warrior
 14749 | D:14     | Killed a centaur warrior
 15045 | D:14     | Reached XP level 13. HP: 92/92 MP: 25/25
 15065 | D:14     | Reached skill level 10 in Dodging
 15292 | D:14     | Found a gate to the Vaults.
 15587 | D:14     | Found the +9 sword of Zonguldrok {reap}
 16281 | D:15     | Entered Level 15 of the Dungeon
 16917 | D:15     | Noticed a rakshasa
 16959 | D:15     | Killed a rakshasa
 17442 | D:15     | Found a staircase to the Depths.
 17782 | D:15     | Reached XP level 14. HP: 58/103 MP: 25/26
 17944 | D:15     | Found Xuzis's Distillery.
 17953 | D:15     | Bought a potion of heal wounds for 50 gold pieces
 17953 | D:15     | Bought a potion of brilliance for 40 gold pieces
 18126 | D:15     | Reached ***** piety under Kikubaaqudgha
 18645 | Lair:1   | Entered Level 1 of the Lair of Beasts
 18775 | Lair:1   | Reached skill level 1 in Earth Magic
 19895 | Lair:2   | Reached skill level 10 in Spellcasting
 20271 | Lair:2   | Found a staircase to the Shoals.
 21374 | Lair:3   | Learned a level 6 spell: Summon Cactus Giant
 21613 | Lair:3   | Found a hole to the Spider Nest.
 21850 | Lair:3   | Noticed Fannar
 21864 | Lair:3   | Killed Fannar
 22591 | Lair:4   | Reached XP level 15. HP: 88/108 MP: 29/29
 22657 | Lair:4   | Learned a level 5 spell: Summon Mana Viper
 22733 | Lair:4   | Noticed Urug
 22742 | Lair:4   | Killed Urug
 23500 | Lair:5   | Entered Level 5 of the Lair of Beasts
 23602 | Lair:5   | Reached ****** piety under Kikubaaqudgha
 23653 | Lair:5   | Found a gate leading to a gauntlet.
 23679 | Gauntlet | Entered a Gauntlet
 23679 | Gauntlet | Found a transporter.
 23679 | Gauntlet | Found a transporter.
 23681 | Gauntlet | Found a transporter.
 23681 | Gauntlet | Found a transporter.
 23695 | Gauntlet | Found a transporter.
 23705 | Gauntlet | Found a transporter.
 23709 | Gauntlet | Found a transporter.
 23711 | Gauntlet | Noticed a balrug
 23720 | Gauntlet | Found a transporter.
 23734 | Gauntlet | Found a runed translucent door.
 23735 | Gauntlet | Found a transporter.
 23736 | Gauntlet | Found a runed translucent door.
 23749 | Gauntlet | Found a transporter.
 23753 | Gauntlet | Found a transporter.
 23762 | Gauntlet | Found a transporter.
 23942 | Gauntlet | Identified the +3 hat "Duwnuocwi" {Will+ Int+3 Dex-5}
 24074 | Gauntlet | Killed a balrug
 24164 | Gauntlet | Identified the +4 ice dragon scales of Jooxunigg {rPois rF-
                  | rC++ Regen+}
 24187 | Gauntlet | Got Sif Muna's Writings on Misty Blight
 24189 | Gauntlet | Identified the +0 robe of Supple Strength {Str+3 Int+2
                  | Slay+2}
 24196 | Gauntlet | Identified the +1 cloak of New Discoveries {rF+}
 24247 | Lair:5   | Found a runed translucent gate.
 24248 | Lair:5   | Found a runed translucent gate.
 24249 | Lair:5   | Found a runed translucent gate.
 24250 | Lair:5   | Noticed IAmTheZeppo's ghost (journeyman MiFi)
 24415 | Lair:5   | Found a staircase to the Slime Pits.
 24479 | Lair:5   | Reached skill level 15 in Summonings
 24515 | Lair:5   | Reached skill level 1 in Necromancy
 25214 | Lair:5   | Reached skill level 5 in Necromancy
 26053 | D:5      | Bought a manual of Shields for 1200 gold pieces
 26275 | Orc:1    | Entered Level 1 of the Orcish Mines
 26276 | Orc:1    | Upgraded the game from 0.31-a0-1202-ga8fea8b to
                  | 0.31-a0-1204-ge2c1a86
 26286 | Orc:1    | Reached skill level 1 in Shields
 26446 | Orc:2    | Entered Level 2 of the Orcish Mines
 26509 | Orc:2    | Found a dark tunnel.
 26514 | Volcano  | Entered a volcano
 26624 | Volcano  | Reached XP level 16. HP: 105/114 MP: 25/30
 26809 | Volcano  | Learned a level 5 spell: Summon Forest
 27179 | Orc:2    | Reached skill level 5 in Shields
 27976 | Orc:2    | Reached skill level 5 in Hexes
 27987 | Orc:2    | Found Sobiniy's General Store.
 27987 | Orc:2    | Found Fuhuzo's Antique Armour Shop.
 27988 | Orc:2    | Found Codukael's Jewellery Boutique.
 27988 | Orc:2    | Found Xofaonutu's Magic Scroll Shop.
 28059 | Orc:2    | Found a staircase to the Elven Halls.
 28993 | Orc:2    | Bought an amulet of the acrobat for 510 gold pieces
 29241 | Spider:1 | Entered Level 1 of the Spider Nest
 29339 | Spider:1 | Reached skill level 1 in Translocations
 30729 | Shoals:1 | Entered Level 1 of the Shoals
 31072 | Shoals:1 | Found Seuroerch's Distillery.
 32297 | Shoals:2 | Reached skill level 10 in Shields
 32823 | Shoals:2 | Reached XP level 17. HP: 100/119 MP: 31/31
 32824 | Shoals:2 | Noticed a kraken
 32908 | Shoals:2 | Killed a kraken
 32909 | Shoals:2 | Reached skill level 5 in Translocations
 33384 | Shoals:3 | Reached skill level 10 in Necromancy
 33695 | Shoals:3 | Noticed Donald
 33711 | Shoals:3 | Killed Donald
 34253 | Shoals:3 | Noticed Ilsuiw
 34300 | Shoals:3 | Killed Ilsuiw
 34451 | Shoals:3 | Reached skill level 5 in Earth Magic
 34516 | Shoals:4 | Entered Level 4 of the Shoals
 34581 | Shoals:3 | Learned a level 5 spell: Borgnjor's Vile Clutch
 35585 | Spider:2 | Paralysed by a jorogumo for 3 turns
 36914 | Spider:3 | Noticed Mlioglotl
 37052 | Spider:3 | Killed Mlioglotl
 37920 | Spider:3 | Noticed Arachne
 37936 | Spider:3 | Killed Arachne
 38039 | Spider:3 | Learned a level 6 spell: Death Channel
 38069 | Spider:3 | Reached XP level 18. HP: 126/126 MP: 25/34
 38430 | Spider:4 | Entered Level 4 of the Spider Nest
 40060 | Spider:4 | Got a gossamer rune of Zot
 40074 | Spider:4 | Identified the +0 pair of boots of Durable Mirth {Rampage
                  | Will+ Regen+}
 40428 | Shoals:4 | Found a burning altar of Makhleb.
 40475 | Shoals:4 | Found a blossoming altar of Fedhas.
 40699 | Shoals:4 | Paralysed by an air elemental for 1 turns
 40798 | Shoals:4 | Reached skill level 15 in Necromancy
 40805 | Shoals:4 | Paralysed by an air elemental for 1 turns
 41083 | Shoals:4 | Paralysed by an air elemental for 1 turns
 42190 | Shoals:4 | Reached XP level 19. HP: 128/131 MP: 20/36
 42210 | Shoals:4 | Got a barnacled rune of Zot
 42890 | D:14     | Identified the +3 great sword "Rarghuor" {drain, rF+ rC-
                  | rN+}
 42895 | D:14     | Learned a level 2 spell: Sublimation of Blood
 43041 | Lair:1   | Learned a level 7 spell: Summon Hydra
 43181 | Lair:5   | Killed IAmTheZeppo's ghost
 43488 | Vaults:1 | Entered Level 1 of the Vaults
 43496 | Vaults:1 | Found Idoroj's Book Shoppe.
 44431 | Vaults:1 | Reached skill level 15 in Spellcasting
 44534 | Vaults:1 | Killed from afar by a war gargoyle

Illustrated notes

Levels and vault maps discovered:
D:1:      nicolae_arrival_somewhat_less_tricky_arrival, layout_basic,
          hellmonk_ecumenical_altar_lost_god, minmay_lizard_king
D:2:      layout_basic, serial_curves, eino_curves_01, eino_curves_01,
          serial_shops, shop, shop_fountains
D:3:      layout_basic, serial_shops, nicolae_shop_tiny_statue_garden,
          palyth_stone_intersect, minmay_vboxes
D:4:      layout_basic, uniq_ijyb
D:5:      layout_basic, gammafunk_temple_overflow_forgotten,
          minmay_temple_entry_fiery, minmay_crystal_room,
          nicolae_shop_self_help, uniq_duvessa, uniq_prince_ribbit1
D:6:      layout_rooms, st_stairs_12
D:7:      layout_rooms, mainiacjoe_overflow_boulevard,
          trog_three_pillars_becter, enter_bailey_2
D:8:      layout_loops_ring, grunt_temple_overflow_holy_war,
          grunt_temple_overflow_order_and_chaos_2, amcnicky_mini_pool_small,
          uniq_gastronok, uniq_jeremiah
D:9:      layout_loops_ring, lair_entry_dummy, hex_large
D:10:     layout_irregular_city
D:11:     layout_gridville
D:12:     layout_long_grid, erik_orc_1, serial_shops, shop,
          nicolae_take_the_stairs, nicolae_shop_peninsula
D:13:     layout_irregular_city, serial_shops, nicolae_shop_just_a_little_nook,
          xom_shifter_show
D:14:     layout_roguey, david_vaults_4, serial_library,
          serial_library_hellmonk_junction,
          serial_library_hellmonk_double_dead_end,
          serial_library_regret_index_multi,
          serial_library_hellmonk_filled_rooms, serial_library_hellmonk_h_bend,
          serial_library_hellmonk_long_bookcase, serial_library_hellmonk_room_b,
          chequers_serial_rivers_small_a, minmay_protected_statue
D:15:     grunt_enter_depths_magical_seal, layout_basic, minivault_26,
          serial_shops, nicolae_shop_behind_doors
Temple:   nicolae_temple_god_jail
Lair:1:   layout_regular_city
Lair:2:   layout_cave_pods, mainiacjoe_shoals_entry_four_pools,
          chequers_serial_rivers_micro_d, lemuel_fruit_tree, lemuel_fruit_fields
Lair:3:   layout_roguey, spider_nest_entry_funnel_web, grunt_megastairs_1,
          uniq_fannar
Lair:4:   layout_loops_ring, lookout_lair_type, worms_lemuel, uniq_urug
Lair:5:   hangedman_lair_in_review, layout_long_grid, slime_entry_1,
          ebering_ghost_rock_garden, gauntlet_entry_generic,
          serial_bayou_shore_a
Shoals:1: layout_shoals, serial_shops, nicolae_shop_tiny_waterfront
Shoals:2: layout_shoals, nicolae_shoals_songs, uniq_polyphemus
Shoals:3: layout_shoals, uniq_ilsuiw, uniq_donald
Shoals:4: shoals_end_hellmonk_storm_palace [storm_palace_center_circular,
          storm_palace_corner_grid, storm_palace_corner_altar,
          storm_palace_corner_narrow, storm_palace_corner_altar]
Spider:1: layout_chambers, hangedman_spider_tarantella_strand
Spider:2: layout_spider_delve, nicolae_spider_webs_and_nodes
Spider:3: nicolae_spider_hilbert_zone_4 [nicolae_spider_hilbert_4_sides_2_open,
          nicolae_spider_hilbert_4_sides_1_open,
          nicolae_spider_hilbert_4_sides_1_open,
          nicolae_spider_hilbert_4_sides_1_open,
          nicolae_spider_hilbert_4_sides_1_open,
          nicolae_spider_hilbert_2_sides_1_open,
          nicolae_spider_hilbert_2_sides_1_open,
          nicolae_spider_hilbert_2_sides_1_open,
          nicolae_spider_hilbert_2_sides_1_open,
          nicolae_spider_hilbert_6_sides_1_open,
          nicolae_spider_hilbert_6_sides_1_open,
          nicolae_spider_hilbert_3_sides_1_open,
          nicolae_spider_hilbert_3_sides_1_open], uniq_mlioglotl, uniq_arachne
Spider:4: grunt_spider_rune_circles
Orc:1:    layout_caves
Orc:2:    st_orc_pillars, layout_diamond_mine, enter_volcano_4, mines2_david
Vaults:1: nicolae_vaults_six-pack, v_misc_12, nicolae_vaults_spaceships,
          v_misc_4, nicolae_vaults_network_s, nicolae_vaults_little_squares_2,
          ontoclasm_vaults_ring_small, v_alt_pattern_6, special_room_vaults
          [special_room_orc], grunt_vaults_hallway_short, nicolae_vaults_two_Ls,
          layout_vaults_ring, serial_shops, nicolae_shop_hallway_stairs

Skill      XL: |  1  2  3  4  5  6  7  8  9 10 11 12 13 14 15 16 17 18 19 |
---------------+----------------------------------------------------------+-----
Fighting       | 1 2 5 7 9 10 12 | 12.3
Spellcasting   | 3 4 5 6 8 10 12 13 15 | 15.0
Summonings     | 5 6 9 10 12 15 | 15.0
Evocations     | 1 2 3 5 |  5.0
Hexes          | 2 3 5 |  5.0
Stealth        | 6 8 10 12 | 12.0
Air Magic      | 4 5 |  5.0
Ice Magic      | 4 5 |  5.0
Dodging        | 6 9 12 | 12.0
Earth Magic    | 3 5 |  5.0
Necromancy     | 6 9 11 15 | 15.0
Shields        | 4 10 12 | 12.0
Translocations | 4 5 |  5.0

Action                     |  1- 3 |  4- 6 |  7- 9 | 10-12 | 13-15 | 16-18 | 19-21 || total
---------------------------+-------+-------+-------+-------+-------+-------+-------++-------
  Melee: Unarmed           |    22 |       |       |       |       |       |       ||    22
         Tentacles         |    18 |    15 |    20 |    19 |    52 |    83 |    11 ||   218
         Constrict         |    15 |    15 |    22 |    12 |    35 |    51 |     4 ||   154
         Dagger            |    41 |    64 |    98 |    86 |   167 |   247 |    37 ||   740
         Punch             |       |       |     3 |     1 |     5 |     6 |     1 ||    16
   Cast: Summon Small Mamm |    15 |     1 |     1 |       |       |       |       ||    17
         Call Imp          |     9 |     6 |    12 |     7 |     5 |       |       ||    39
         Call Canine Famil |     2 |    10 |    25 |    16 |    15 |     3 |       ||    71
         Summon Guardian G |       |     3 |    21 |    35 |    81 |    51 |       ||   191
         Summon Lightning  |       |       |     5 |    62 |   104 |    46 |       ||   217
         Summon Ice Beast  |       |       |       |    10 |    41 |    33 |     2 ||    86
         Passwall          |       |       |       |       |    14 |    10 |       ||    24
         Summon Cactus Gia |       |       |       |       |    33 |    76 |     4 ||   113
         Swiftness         |       |       |       |       |     2 |     1 |     2 ||     5
         Summon Mana Viper |       |       |       |       |     7 |    75 |     4 ||    86
         Summon Forest     |       |       |       |       |       |    52 |     4 ||    56
         Borgnjor's Vile C |       |       |       |       |       |    69 |    22 ||    91
         Death Channel     |       |       |       |       |       |    15 |     6 ||    21
         Summon Hydra      |       |       |       |       |       |       |    10 ||    10
 Invoke: Unearth Wretches  |       |       |       |       |       |     4 |       ||     4
  Evoke: Lightning rod     |       |       |       |     6 |     4 |     1 |     2 ||    13
         Wand              |       |       |       |     5 |     8 |    13 |     1 ||    27
         Tin of tremorston |       |       |       |       |       |     3 |       ||     3
         Phantom mirror    |       |       |       |       |       |       |     1 ||     1
    Use: Scroll            |     3 |     6 |     5 |    12 |     7 |     9 |     1 ||    43
         Potion            |       |       |     1 |     2 |       |     4 |       ||     7
   Stab: Sleeping          |     8 |     8 |    11 |     5 |    29 |    39 |     6 ||   106
         Distracted        |     1 |       |     1 |     5 |     3 |     7 |     5 ||    22
         Paralysed         |       |       |       |     1 |     1 |     7 |       ||     9
         Petrified         |       |       |       |       |       |     5 |       ||     5
 Armour: Skin              |    26 |    31 |    43 |    86 |   166 |   267 |    32 ||   651
  Dodge: Dodged            |    33 |    36 |    64 |    68 |   214 |   624 |    81 ||  1120
  Block: Kite shield       |       |       |       |       |    26 |   420 |    58 ||   504
   Form: Beast             |     1 |       |       |       |       |       |       ||     1
                           |       |       |       |     1 |       |       |       ||     1
         Flux              |       |       |       |     1 |       |       |       ||     1

Table legend: (Time is in decaauts)
 A = Elapsed time spent in this place.
 B = Non-inter-level travel time spent in this place.
 C = Inter-level travel time spent in this place.
 D = Time resting spent in this place.
 E = Time spent auto-exploring this place.
 F = Levels seen in this place.
 G = Mean time per level.
                   A        B        C        D        E       F      G
               +--------+--------+--------+--------+--------+-----+--------+
         Total |  44638 |  40890 |   3748 |  13483 |  13161 |  35 | 1275.4 |
       Dungeon |  19002 |  17333 |   1669 |   4499 |   6913 |  15 | 1266.8 |
        Temple |     19 |     10 |      9 |      0 |      0 |   1 |   19.0 |
          Lair |   7402 |   6377 |   1025 |   1763 |   2628 |   5 | 1480.4 |
        Shoals |   6170 |   5757 |    413 |   2500 |   1057 |   4 | 1542.5 |
   Spider Nest |   7093 |   6656 |    437 |   3064 |   1615 |   4 | 1773.2 |
  Orcish Mines |   2516 |   2324 |    192 |    858 |    706 |   2 | 1258.0 |
        Vaults |   1047 |   1047 |      0 |    345 |    214 |   1 | 1047.0 |
        Bailey |    528 |    528 |      0 |    120 |     11 |   1 |  528.0 |
       Volcano |    299 |    299 |      0 |     65 |      0 |   1 |  299.0 |
      Gauntlet |    559 |    559 |      0 |    269 |     17 |   1 |  559.0 |
               +--------+--------+--------+--------+--------+-----+--------+

Top non-repeatable levels by time:
Spider:3: 2708 daAuts
    D:15: 2232 daAuts
   Orc:2: 2174 daAuts
Shoals:4: 2066 daAuts
    D:14: 1928 daAuts
Spider:1: 1725 daAuts
    D:12: 1722 daAuts
  Lair:5: 1721 daAuts
  Lair:2: 1575 daAuts
Shoals:3: 1573 daAuts
  Lair:4: 1399 daAuts
  Lair:3: 1386 daAuts
Spider:2: 1378 daAuts
    D:13: 1360 daAuts
Shoals:1: 1335 daAuts
